 Dungeon Crawl Stone Soup version 0.17-a0-1056-g838d5c0 (webtiles) character file.

79 HEYYEYAAE the Shield-Bearer (level 4, 0/32 HPs)
             Began as an Octopode Fighter on May 16, 2015.
             Succumbed to an adder's poison
             ... on level 2 of the Dungeon.
             The game lasted 00:01:12 (964 turns).

HEYYEYAAE the Shield-Bearer (Octopode Fighter)       Turns: 964, Time: 00:01:12

Health: 0/32       AC:  1    Str: 15    XL:     4   Next: 37%
Magic:  4/4        EV: 11    Int: 15    God:
Gold:   33         SH:  9    Dex: 12    Spells: 0 memorised, 3 levels left

rFire  . . .     SeeInvis .     a - +0 war axe
rCold  . . .     Clarity  .     b - +0 shield
rNeg   + . .     SustAb   .     (helmet restricted)
rPois  .         Gourm    .     m - amulet of warding
rElec  .         Spirit   .     (no ring)
rCorr  .         Warding  +     (no ring)
rMut   .         Stasis   .     (no ring)
MR     .....                    (no ring)
Stlth  ++........               (no ring)
                                (no ring)
                                (no ring)
                                (no ring)

@: brilliant, lethally poisoned (0 -> -3), hasted, very quick, not resistant to
hostile enchantments, unstealthy
A: almost no armour, amphibious, 8 rings, constrict 8, camouflage 1, gelatinous
body 1
a: no special abilities


You were on level 2 of the Dungeon.
You were not hungry.

You visited 1 branch of the dungeon, and saw 2 of its levels.

You collected 33 gold pieces.

Inventory:

Hand weapons
 a - a +0 war axe (weapon)
Armour
 b - a +0 shield (worn)
Jewellery
 m - an amulet of warding (around mantle)
Magical devices
 k - a wand of polymorph (1)
Scrolls
 j - 2 scrolls of amnesia {unknown}
 l - a scroll of teleportation {unknown}
Potions
 c - a potion of might
 h - a potion of curing {unknown}
 i - 2 potions of agility
Comestibles
 d - 2 bread rations
 f - 5 fruits
 n - a meat ration


   Skills:
 * Level 3.6 Fighting
 + Level 2.4 Axes
 * Level 3.6 Dodging
 * Level 3.7 Shields


You had 3 spell levels left.
You didn't know any spells.

Dungeon Overview and Level Annotations

Branches:
Dungeon (2/15)

Altars:


Innate Abilities, Weirdness & Mutations

You cannot wear most types of armour.
You are amphibious.
You can wear up to eight rings at the same time.
You can use your tentacles to constrict eight enemies at once.
Your skin changes colour to match your surroundings (Stealth).
Your rubbery body absorbs attacks (AC +1).


Message History

You closely miss the goblin. You grab the goblin. You constrict the goblin.
You block the goblin's attack.
You slash the goblin!
You kill the goblin!
You barely miss the adder. The adder bites you.
* * * LOW HITPOINT WARNING * * *
You are poisoned.
The adder poisons you! The adder barely misses you.
Unknown command.
You closely miss the adder. Your grab misses the adder.
You feel sick. You block the adder's attack. The adder bites you.
* * * LOW HITPOINT WARNING * * *
Unknown command.
Drink which item? (? for menu, Esc to quit)
It was a potion of brilliance.
You feel clever all of a sudden. The adder closely misses you.
Drink which item? (? for menu, Esc to quit)
It was a potion of haste.
You feel yourself speed up.
You die...

#...........## ######
#.########...# #...(#
#.# #...# #....# #.#
#...# #....# #.# #...#
#....# #.# #####...#
#....###.# #.......#
#...(....# #.....).#
#..!@....# +........
#..S)....# #........
#>.............+......##
#.#####....##.##......#.
# #....##+##......##
##................
#................
#........######## ......
.


You could see an adder.

Vanquished Creatures
  Robin (D:2)
  2 adders (D:2)
  An ooze (D:2)
  2 giant geckos (D:1)
  2 bats (D:1)
  2 giant cockroaches
  7 goblins (D:2)
  6 hobgoblins
  5 kobolds
  A quokka (D:2)
  4 giant newts
  8 rats
41 creatures vanquished.

Notes
Turn   | Place    | Note
--------------------------------------------------------------
     0 | D:1      | HEYYEYAAE the Octopode Fighter began the quest for the Orb.
     0 | D:1      | Reached XP level 1. HP: 16/16 MP: 1/1
   109 | D:1      | Reached XP level 2. HP: 14/21 MP: 2/2
   652 | D:2      | Reached XP level 3. HP: 22/26 MP: 3/3
   694 | D:2      | Noticed Robin
   725 | D:2      | Killed Robin
   834 | D:2      | Reached XP level 4. HP: 16/31 MP: 4/4
   962 | D:2      | HP: 1/32 [adder (4)]
   964 | D:2      | Succumbed to an adder's poison

Vault maps used:
D:1:      elethiomel_arrival_quiet
D:2:      grunt_temple_overflow_open, grunt_decor_one_mirror,
          minmay_fountain_box, uniq_robin

Action                   |  1- 3 |  4- 6 || total
-------------------------+-------+-------++-------
Melee: War axe           |    64 |    16 ||    80
       Unarmed           |     2 |       ||     2
  Use: Potion            |       |     2 ||     2
 Stab: Sleeping          |     4 |       ||     4
       Confused          |     1 |       ||     1
